 Dungeon Crawl Stone Soup version 0.28.0-43-g3370ac3207 (webtiles) character file.

Game seed: 2929553212446901843

739 firemarshallily the Firebug (level 7, -2/56 HPs)
             Began as a Naga Fire Elementalist on Mar 30, 2022.
             Was a Priest of Qazlal.
             Slain by a gnoll
             ... wielding a +0 club
              (3 damage)
             ... on level 5 of the Dungeon.
             The game lasted 00:41:34 (4016 turns).

firemarshallily the Firebug (NaFE)                  Turns: 4016, Time: 00:41:35

Health: -2/56      AC: 13    Str: 11    XL:     7   Next: 75%
Magic:  3/13       EV:  8    Int: 17    God:    Qazlal [***...]
Gold:   197        SH:  4    Dex: 13    Spells: 11/14 levels left

rFire   + . .      SeeInvis +   j - +1 flail (holy)
rCold   + . .      Faith    .   (no shield)
rNeg    . . .      Spirit   .   b - +0 ring mail
rPois   +          Reflect  .   g - +2 hat
rElec   +          Harm     .   n - +1 cloak
rCorr   +          Rampage  .   (no gloves)
Will    .....                   (no barding)
Stlth   +.........              k - amulet of magic regeneration
HPRegen 0.18/turn               s - +4 ring of protection
MPRegen 0.53/turn               (no ring)

@: lit by a corona, resistant, attractive, glowing, invisible (but backlit and
visible), very slow
A: AC +2, large, see invisible, deformed body, poison resistance, slowness 2,
spit poison 1, naga tail 1, agile 1, wild magic 1
a: Spit Poison, Renounce Religion, Upheaval, Elemental Force


You were on level 5 of the Dungeon.
You worshipped Qazlal.
Qazlal was most pleased with you.
You visited 1 branch of the dungeon, and saw 5 of its levels.

You collected 197 gold pieces.

Inventory:

Hand Weapons
 j - a +1 flail of holy wrath (weapon)
Missiles
 i - a boomerang
Armour
 b - a +0 ring mail (worn)
 g - a +2 hat (worn)
 n - a +1 cloak (worn)
 o - the +7 chain mail of Mumblety Peg {rPois Int+4 Dex-3}
   (You found it on level 4 of the Dungeon)

   Int:       It affects your intelligence (+4).
   Dex:       It affects your dexterity (-3).
   rPois:     It protects you from poison.
Jewellery
 k - an amulet of magic regeneration (around neck)
 s - a +4 ring of protection (left hand)
Scrolls
 d - a scroll of amnesia
 e - 2 scrolls of identify
 f - 4 scrolls of holy word
 h - a scroll of teleportation {unknown}
Potions
 l - a potion of resistance
 q - a potion of ambrosia {unknown}
 r - a potion of berserk rage {unknown}


   Skills:
 + Level 0.8 Fighting
 - Level 0.7(1.6) Axes
 + Level 2.3(2.4) Maces & Flails
 + Level 2.0 Armour
 + Level 2.5 Dodging
 - Level 3.1 Stealth
 + Level 0.1 Shields
 * Level 4.2 Spellcasting
 + Level 2.1 Conjurations
 * Level 5.5 Fire Magic


You had 11 spell levels left.
You knew the following spells:

 Your Spells              Type           Power      Damage    Failure   Level
a - Foxfire               Conj/Fire      84%        2x1d8     12%         1
b - Scorch                Fire           58%        2d8       9%          2

Your spell library contained the following spells:

 Spells                   Type           Power      Damage    Failure   Level
 Conjure Flame            Conj/Fire      21%        6-21      30%         3
 Inner Flame              Hex/Fire       16%        N/A       43%         3
 Flame Wave               Conj/Fire      21%        2d7       67%         4


Dungeon Overview and Level Annotations

Branches:
Dungeon (5/15)
 Temple: D:4-7

Altars:
Ashenzari
Elyvilon
Fedhas
Kikubaaqudgha
Qazlal
Sif Muna
Trog
Wu Jian

Shops:
D:1 :


Innate Abilities, Weirdness & Mutations

Your serpentine skin is tough. (AC +2)
You have supernaturally acute eyesight. (SInv)
Armour fits poorly on your strangely shaped body.
Your system is resistant to poisons. (rPois)
You cover ground very slowly.
You can spit poison.
You have a snake-like lower body.
You are agile. (Dex +2)
Your spells are a little harder to cast, but a little more powerful.


Message History

You feel protected.
The foxfire hits the howler monkey.
The howler monkey is lightly wounded.
The foxfire hits the gnoll.
The gnoll is moderately wounded.
You block the gnoll's attack.
The howler monkey hoots and howls with incredible vigour!
The sky beast hits you.
* * * LOW HITPOINT WARNING * * *
The sky beast shocks you. You resist.
* * * LOW HITPOINT WARNING * * *
The gnoll hits you but does no damage. You block the gnoll shaman's attack.
The gnoll hits you but does no damage.
You hear a shout!
Okay, then.
It was a potion of attraction.
You feel attractive to monsters. You block the gnoll's attack.
The howler monkey hits you.
* * * LOW HITPOINT WARNING * * *
The gnoll closely misses you.
The sky beast hits you but does no damage.
The gnoll shaman hits you but does no damage.
The gnoll hits you but does no damage.
The howler monkey hoots and howls with incredible vigour!
It was a potion of invisibility.
You become transparent, but the glow from your corona prevents you from becoming completely invisible.
The gnoll hits you with a +0 flail.
* * * LOW HITPOINT WARNING * * *
The sky beast barely misses you. You block the gnoll's attack.
The gnoll shaman barely misses you. The gnoll barely misses you.
The howler monkey hits you.
* * * LOW HITPOINT WARNING * * *
An orc wizard comes into view. It is wielding a +0 dagger.
An iguana comes into view.
As you read the scroll labelled MODGHE TUDAP, it crumbles to dust.
It is a scroll of identify.
d - a scroll of amnesia The gnoll is no longer more vulnerable to fire.
The gnoll hits you with a +0 club.
You die...

.... ...#.# ....##
##....###.#
......##..##.....#
..............#...
.......<..........
...........§....#.
##...§§§§§oZ......
#.....ggg§§..$.#
#......§@hlZ......
.....#.§§Y§##.#...
#.#.####..§...# ..
#### #....#..#
####..... ##.## .#
.


You could see a sky beast, a gnoll shaman, a howler monkey (catching breath), an
iguana, an orc wizard and 2 gnolls.

Vanquished Creatures
  2 necrophages (D:4)
  A phantom (D:5)
  2 howler monkeys
  A centaur zombie (D:4)
  A bullfrog zombie (D:5)
  2 orc priests
  2 centaur skeletons
  An iguana (D:4)
  An orc wizard (D:4)
  A scorpion zombie (D:4)
  4 adders
  A gnoll (D:5)
  A worm (D:3)
  A dart slug (D:3)
  17 orcs
  7 ball pythons
  9 endoplasms
  3 giant cockroaches
  7 goblins
  7 hobgoblins
  11 jackals
  3 quokkas
  6 bats
  6 frilled lizards
  7 kobolds
  3 rats
  4 foxfires
111 creatures vanquished.

Vanquished Creatures (collateral kills)
  3 foxfires (D:4)
3 creatures vanquished.

Vanquished Creatures (others)
  3 bushes (D:4)
  183 foxfires
  13 plants (D:4)
199 creatures vanquished.

Grand Total: 313 creatures vanquished

Notes
Turn   | Place    | Note
-------+----------+-------------------------------------------
     0 | D:1      | firemarshallily the Naga Fire Elementalist began the quest
                  | for the Orb.
     0 | D:1      | Reached XP level 1. HP: 15/15 MP: 3/3
    30 | D:1      | Found Nynyrhud's Book Shop.
    82 | D:1      | Reached XP level 2. HP: 16/22 MP: 0/5
   171 | D:1      | Found a faded altar of an unknown god.
   178 | D:1      | Prayed at the altar of an unknown god.
   178 | D:1      | Became a worshipper of Qazlal Stormbringer
   178 | D:1      | Reached * piety under Qazlal
   240 | D:1      | Gained mutation: Your spells are a little harder to cast,
                  | but a little more powerful. [potion of mutation]
   240 | D:1      | Gained mutation: You are agile. (Dex +2) [potion of
                  | mutation]
   242 | D:1      | Reached XP level 3. HP: 5/28 MP: 2/6
   637 | D:1      | You fall into a shaft and drop 1 floor!
   667 | D:2      | Reached skill level 4 in Fire Magic
   749 | D:2      | Reached ** piety under Qazlal
  1066 | D:2      | Reached XP level 4. HP: 36/36 MP: 5/7
  1740 | D:2      | Found an ornate altar of the Wu Jian Council.
  1811 | D:3      | Reached XP level 5. HP: 42/42 MP: 5/9
  1827 | D:3      | Reached skill level 1 in Armour
  1852 | D:3      | Learned a level 2 spell: Scorch
  2459 | D:3      | Found an ancient bone altar of Kikubaaqudgha.
  2461 | D:3      | Found a white marble altar of Elyvilon.
  2462 | D:3      | Found a stormy altar of Qazlal.
  2487 | D:3      | Found a bloodstained altar of Trog.
  2490 | D:3      | Found a shimmering blue altar of Sif Muna.
  2630 | D:4      | Found a blossoming altar of Fedhas.
  2745 | D:4      | Found a broken altar of Ashenzari.
  2745 | D:4      | Found an ornate altar of the Wu Jian Council.
  2914 | D:4      | Reached XP level 6. HP: 50/50 MP: 8/10
  2936 | D:4      | Reached skill level 1 in Maces & Flails
  3086 | D:4      | Noticed a necrophage
  3088 | D:4      | Killed a necrophage
  3088 | D:4      | Reached *** piety under Qazlal
  3248 | D:4      | Identified a scroll of acquirement
  3248 | D:4      | Acquired an amulet of magic regeneration
  3661 | D:4      | Identified the +7 chain mail of Mumblety Peg {rPois Int+4
                  | Dex-3}
  3840 | D:4      | Reached skill level 5 in Fire Magic
  3840 | D:4      | Reached XP level 7. HP: 56/56 MP: 12/12
  3982 | D:5      | Entered Level 5 of the Dungeon
  4015 | D:5      | HP: 1/56 [howler monkey (4)]
  4016 | D:5      | Slain by a gnoll

Illustrated notes

Levels and vault maps discovered:
D:1:      giann_horns, layout_basic, serial_shops, shop_statue,
          shapermc_ecumenical_altar_venn
D:2:      cheibrodos_pilgrimage, layout_basic, basic_altar
D:3:      layout_rooms, minmay_overflow_temple_star_hex, minmay_misc_feat_chi,
          kennysheep_cluttered_room
D:4:      layout_layer_cave, fedhas_altar_decomposition,
          gammafunk_temple_overflow_wave
D:5:      layout_cave_pools, minmay_temple_entry_junction,
          minmay_misc_feat_nine_boxes, minmay_fractal_squares_5, uniq_menkaure

Skill      XL: |  1  2  3  4  5  6  7 |
---------------+----------------------+-----
Fire Magic     | 4 5 |  5.5
Spellcasting   | 3 4 |  4.2
Armour         | 1 2 |  2.0
Dodging        | 2 |  2.5
Maces & Flails | 1 2 |  2.3
Conjurations   | 2 |  2.1
Fighting       | |  0.8
Axes           | |  0.7
Stealth        | |  3.1
Shields        | |  0.1

Action                   |  1- 3 |  4- 6 |  7- 9 || total
-------------------------+-------+-------+-------++-------
Melee: Unarmed           |     3 |       |       ||     3
       Hand axe          |    23 |     3 |       ||    26
       Punch             |     1 |     2 |       ||     3
       Flail             |       |    54 |     8 ||    62
 Cast: Foxfire           |    33 |    52 |    20 ||   105
       Scorch            |       |     3 |     4 ||     7
Invok: Upheaval          |       |     1 |     2 ||     3
 Abil: Spit Poison       |    26 |    30 |     3 ||    59
  Use: Potion            |     1 |     1 |     3 ||     5
       Scroll            |       |     5 |     2 ||     7
Armor: Ring mail         |    33 |    18 |    31 ||    82
       Skin              |       |    22 |       ||    22
Dodge: Dodged            |    35 |    24 |    18 ||    77
Block: Other             |     2 |     7 |    13 ||    22
